 Dungeon Crawl Stone Soup version 0.21.1-1-g345015fe64 (webtiles) character file.

148 Kohma the Sneak (level 5, -2/39 HPs)
             Began as a Vine Stalker Assassin on July 9, 2018.
             Slain by a hippogriff (3 damage)
             ... on level 3 of the Dungeon.
             The game lasted 00:11:31 (2962 turns).

Kohma the Sneak (Vine Stalker Assassin)             Turns: 2962, Time: 00:11:32

Health: -2/39      AC:  7    Str: 18    XL:     5   Next: 30%
Magic:  0/6        EV: 11    Int: 12    God:
Gold:   209        SH:  0    Dex: 16    Spells: 4/4 levels left

rFire    . . .     SeeInvis .   a - +2 short sword (venom)
rCold    . . .     Gourm    .   (no shield)
rNeg     . . .     Faith    .   c - +0 ring mail
rPois    .         Spirit   +   w - +1 hat
rElec    .         Reflect  .   d - +0 cloak
rCorr    .         Harm     .   (no gloves)
MR       .....                  (no boots)
Stlth    ..........             (no amulet)
HPRegen  0.53/turn              (no ring)
MPRegen  0.10/turn              (no ring)

@: berserking, very quick
A: fangs 2, regeneration 1, magic shield, antimagic bite, no potion heal 3, rot
immunity
a: no special abilities


You were on level 3 of the Dungeon.
You were not hungry.

You visited 1 branch of the dungeon, and saw 4 of its levels.

You collected 209 gold pieces.

Inventory:

Hand Weapons
 a - a +2 short sword of venom (weapon)
 b - a +1 blowgun
 u - a +2 dagger
Missiles
 e - 7 poisoned needles
 f - 2 curare-tipped needles
 t - 13 tomahawks (quivered)
Armour
 c - a +0 ring mail (worn)
 d - a +0 cloak (worn)
 w - a +1 hat (worn)
Scrolls
 j - 2 scrolls of remove curse
 k - 2 scrolls of teleportation
Potions
 h - a potion of might {unknown}
 l - a potion of berserk rage
 m - 2 potions of lignification {unknown}
 s - a potion of agility {unknown}
 v - a potion of ambrosia {unknown}
 z - a potion of mutation {unknown}
 A - 3 potions of curing
 B - a potion of haste {unknown}
 C - a potion of brilliance {unknown}
Comestibles
 g - 9 rations
 i - a chunk of flesh


   Skills:
 + Level 2.3 Fighting
 * Level 2.9 Short Blades
 * Level 3.1 Throwing
 + Level 1.5 Dodging
 + Level 5.4 Stealth


You had 4 spell levels left.
You didn't know any spells.

Dungeon Overview and Level Annotations

Branches:
Dungeon (4/15)
 Temple: D:4-7

Altars:
Cheibriados
Fedhas
Makhleb
Nemelex Xobeh
Qazlal
Vehumet
Wu Jian
Zin


Innate Abilities, Weirdness & Mutations

You have extremely sharp teeth.
Your natural rate of healing is unusually fast.
When hurt, damage is shared between your health and your magic reserves.
Your bite disrupts and absorbs the magic of your enemies.
Potions cannot restore your health.
You are immune to rotting.


Message History

You puncture the hippogriff!
The hippogriff looks as sick as possible!
Your bite misses the hippogriff.
The hippogriff is moderately wounded.
The hippogriff bites you! The hippogriff barely misses you.
The hippogriff claws you.
You barely miss the hippogriff.
You bite the hippogriff, but do no damage.
The hippogriff is moderately wounded.
The hippogriff barely misses you. The hippogriff completely misses you.
The hippogriff claws you. The orc hits you with a mace.
* * * LOW HITPOINT WARNING * * *
You climb upwards.
There is a stone staircase leading down here.
A red film seems to cover your vision as you go berserk!
You feel yourself moving faster!
You feel mighty! The hippogriff bites you!
* * * LOW HITPOINT WARNING * * *
The hippogriff pecks you but does no damage.
The hippogriff claws you.
You die...

.##.###...#...#.............#
#)#.#.#..###..##.####.#######
##...##..# #..##.# #...#
##.###.#####.##.# ###.# #.#
#_# #.#_##.# #.# # #.# ###
#.####.# #.# # #.# #####.#
#.# #.# # #.###.)...# #o# #.#
# #...รท.##### #@# #)# #
####### #H# #.# ####### #.#
#.# ......##########.######.#
#####...................#
###########.#############
...(........# #############


You could see a hippogriff and an orc.

Vanquished Creatures
  A hound (D:3)
  An orc wizard (D:4)
  4 adders
  A worm (D:3)
  A leopard gecko (D:1)
  2 orcs (D:4)
  4 giant cockroaches
  5 goblins
  7 hobgoblins
  8 kobolds
  A quokka (D:2)
  6 bats
  3 frilled lizards (D:1)
  8 rats
52 creatures vanquished.

Notes
Turn   | Place    | Note
-------+----------+-------------------------------------------
     0 | D:1      | Kohma the Vine Stalker Assassin began the quest for the Orb.
     0 | D:1      | Reached XP level 1. HP: 11/11 MP: 2/2
   161 | D:1      | Reached XP level 2. HP: 15/15 MP: 3/3
   556 | D:1      | Reached skill level 1 in Dodging
   713 | D:1      | Reached skill level 5 in Stealth
   890 | D:2      | Reached XP level 3. HP: 18/18 MP: 4/4
  1871 | D:3      | Found a blossoming altar of Fedhas.
  1878 | D:3      | Found a radiant altar of Vehumet.
  1879 | D:3      | Found a snail-covered altar of Cheibriados.
  2248 | D:3      | Gained mutation: Your natural rate of healing is unusually fast. [Vine Stalker growth]
  2248 | D:3      | Reached XP level 4. HP: 23/23 MP: 5/5
  2352 | D:3      | Found a glowing silver altar of Zin.
  2370 | D:3      | Found an ornate altar of the Wu Jian Council.
  2373 | D:3      | Found a stormy altar of Qazlal.
  2379 | D:3      | Found a sparkling altar of Nemelex Xobeh.
  2379 | D:3      | Found a burning altar of Makhleb.
  2884 | D:4      | Reached XP level 5. HP: 26/26 MP: 6/6
  2947 | D:4      | Noticed a hippogriff
  2962 | D:3      | HP: 1/39 [hippogriff (7)]
  2962 | D:3      | Slain by a hippogriff

Skill      XL: |  1  2  3  4  5 |
---------------+----------------+-----
Short Blades   | 2 |  2.9
Throwing       | 2 3 |  3.1
Dodging        | 1 |  1.5
Stealth        | 5 |  5.4
Fighting       | 2 |  2.3

Action                   |  1- 3 |  4- 6 || total
-------------------------+-------+-------++-------
Melee: Dagger            |    50 |       ||    50
       Bite              |    19 |     3 ||    22
       Short sword       |    39 |    20 ||    59
 Fire: Blowgun           |    30 |    12 ||    42
Throw: Throwing net      |     1 |       ||     1
  Use: Scroll            |       |    10 ||    10
       Potion            |       |     1 ||     1
 Stab: Sleeping          |     2 |     3 ||     5
  Eat: Chunk             |     4 |     2 ||     6
Armor: Robe              |     5 |       ||     5
       Ring mail         |    30 |     9 ||    39
Dodge: Dodged            |    47 |    13 ||    60
